 Dungeon Crawl Stone Soup version 0.21.1-1-g345015fe64 (webtiles) character file.

1150 KleinerIrrer the Cleaver (level 8, -10/58 HPs)
             Began as a Formicid Fighter on Apr 2, 2018.
             Was an Initiate of the Shining One.
             Killed by the air
             ... invoked by DwarfAlpaca's ghost
              (11 damage)
             ... on level 5 of the Dungeon.
             The game lasted 00:09:12 (4861 turns).

KleinerIrrer the Cleaver (Formicid Fighter)         Turns: 4861, Time: 00:09:12

Health: -10/58     AC:  9    Str: 24    XL:     8   Next: 65%
Magic:  8/8        EV:  6    Int:  7    God:    the Shining One [......]
Gold:   257        SH:  9    Dex: 10    Spells: 7/7 levels left

rFire    . . .     SeeInvis +   d - +0 battleaxe
rCold    + . .     Gourm    .   c - +0 shield
rNeg     . . .     Faith    .   k - +0 chain mail
rPois    .         Spirit   .   (helmet unavailable)
rElec    .         Reflect  .   (no cloak)
rCorr    +         Harm     .   (no gloves)
MR       .....                  (no boots)
Stlth    ..........             (no amulet)
HPRegen  0.19/turn              j - ring of resist corrosion
MPRegen  0.11/turn              p - ring of protection from cold

@: glowing
A: permanent stasis, dig shafts and tunnels, four strong arms, antennae 3
a: Dig, Shaft Self, Renounce Religion


You were on level 5 of the Dungeon.
You worshipped the Shining One.
The Shining One was noncommittal.
You were hungry.

You visited 1 branch of the dungeon, and saw 5 of its levels.

You collected 257 gold pieces.

Inventory:

Hand Weapons
 a - a +0 war axe
 d - a +0 battleaxe (weapon)
 z - a +0 antimagic flail
Missiles
 x - 16 bolts
Armour
 b - a +0 scale mail
 c - a +0 shield (worn)
 k - a +0 chain mail (worn)
Jewellery
 j - a ring of resist corrosion (left hand)
 p - a ring of protection from cold (right hand)
 v - an uncursed ring of protection from cold
 w - an uncursed ring of flight {unknown}
Scrolls
 g - 2 scrolls of fog {unknown}
 l - 2 scrolls of enchant weapon {unknown}
 m - 4 scrolls of identify {unknown}
 n - 2 scrolls of teleportation {unknown}
 o - 2 scrolls of remove curse {unknown}
 u - a scroll of fear {unknown}
 y - a scroll of enchant armour {unknown}
Potions
 e - a potion of mutation {unknown}
 h - a potion of heal wounds {unknown}
 q - 2 potions of flight {unknown}
 r - a potion of degeneration {unknown}
 t - a potion of magic {unknown}
Comestibles
 f - 15 rations
 i - 3 chunks of flesh


   Skills:
 - Level 3.2 Fighting
 * Level 9.2 Axes
 + Level 5.3 Armour
 - Level 3.6 Shields


You had 7 spell levels left.
You didn't know any spells.

Dungeon Overview and Level Annotations

Branches:
Dungeon (5/15)
 Temple: D:4-7

Altars:
Cheibriados
Elyvilon
Gozag
Nemelex Xobeh
Sif Muna
Trog
Vehumet
Xom
The Shining One

Annotations:
D:5 DwarfAlpaca's ghost, novice TeAE


Innate Abilities, Weirdness & Mutations

You cannot be hasted, slowed, berserked, paralysed or teleported.
You can dig through walls and to a lower floor.
Your four strong arms can wield two-handed weapons with a shield.
You have a pair of large antennae on your head. (SInv)


Message History

DwarfAlpaca's ghost is almost destroyed.
DwarfAlpaca's ghost waves its arms in wide circles.
The air twists around and strikes you!
* * * LOW HITPOINT WARNING * * *
You block DwarfAlpaca's ghost's attack.
You closely miss DwarfAlpaca's ghost.
DwarfAlpaca's ghost is almost destroyed.
DwarfAlpaca's ghost casts a spell at you.
The zap hits you!
* * * LOW HITPOINT WARNING * * *
You barely miss DwarfAlpaca's ghost.
DwarfAlpaca's ghost is almost destroyed.
DwarfAlpaca's ghost waves its arms in wide circles.
The air twists around and strikes you!
* * * LOW HITPOINT WARNING * * *
Your shield and chain mail prevent you from hitting DwarfAlpaca's ghost.
DwarfAlpaca's ghost is almost destroyed.
DwarfAlpaca's ghost waves its arms in wide circles.
The air twists around and strikes you!
You die...

#.... #.... #....######
### #....##...#### ..#
#.....#.#.#.. #.#
#.....#.#)#.# #.#
#.....#.#.#W####... #.#
#.#.....#.)@.......
#.####...#.#####.#######
#....#.....# #..........
####.#.##### #.#.#######
####.#.# #.#.....#
.....#.# #.......#
.#####.# #########
.#.....# ...#####


You could see DwarfAlpaca's ghost.

Vanquished Creatures
  The ghost of Toogi the Bolt Thrower, a novice KoHu (D:4)
  Edmund (D:5)
  A phantom (D:4)
  A sky beast (D:5)
  Blork the orc (D:4)
  A howler monkey (D:5)
  A hound (D:3)
  5 orc wizards
  Jessica (D:2)
  4 worker ants
  9 adders
  3 gnolls
  An ooze (D:5)
  A worm (D:3)
  5 leopard geckos
  11 orcs
  2 ball pythons
  4 bats
  4 giant cockroaches
  7 goblins
  6 hobgoblins
  4 jackals (D:4)
  2 quokkas
  6 frilled lizards
  9 kobolds
  12 rats
103 creatures vanquished.

Notes
Turn   | Place    | Note
-------+----------+-------------------------------------------
     0 | D:1      | KleinerIrrer the Formicid Fighter began the quest for the Orb.
     0 | D:1      | Reached XP level 1. HP: 18/18 MP: 1/1
   199 | D:1      | Reached XP level 2. HP: 24/24 MP: 2/2
   365 | D:1      | Reached skill level 3 in Axes
   851 | D:2      | Noticed Jessica
   859 | D:1      | Reached XP level 3. HP: 23/29 MP: 3/3
  1061 | D:2      | Reached XP level 4. HP: 35/35 MP: 4/4
  1064 | D:2      | Killed Jessica
  1064 | D:2      | Reached skill level 4 in Axes
  1248 | D:2      | Reached XP level 5. HP: 41/41 MP: 5/5
  1329 | D:2      | Found a white marble altar of Elyvilon.
  1790 | D:3      | Reached skill level 5 in Axes
  2642 | D:4      | Reached XP level 6. HP: 42/47 MP: 6/6
  2911 | D:4      | Noticed a phantom
  2992 | D:4      | Found a sparkling altar of Nemelex Xobeh.
  2992 | D:4      | Found an opulent altar of Gozag.
  3018 | D:4      | Killed a phantom
  3018 | D:4      | Reached skill level 6 in Axes
  3207 | D:4      | Reached XP level 7. HP: 52/52 MP: 7/7
  3268 | D:4      | Noticed Blork the orc
  3281 | D:4      | Killed Blork the orc
  3281 | D:4      | Reached skill level 7 in Axes
  3535 | D:4      | Found a bloodstained altar of Trog.
  3950 | D:4      | Noticed Toogi's ghost (novice KoHu)
  4001 | D:4      | Killed Toogi's ghost
  4001 | D:4      | Reached skill level 8 in Axes
  4001 | D:4      | Reached XP level 8. HP: 39/58 MP: 8/8
  4335 | D:5      | Entered Level 5 of the Dungeon
  4373 | D:5      | Reached skill level 5 in Armour
  4420 | D:5      | Noticed Edmund
  4434 | D:5      | Killed Edmund
  4434 | D:5      | Reached skill level 9 in Axes
  4465 | D:5      | Found a deep blue altar of Sif Muna.
  4555 | D:5      | Found a radiant altar of Vehumet.
  4556 | D:5      | Found a snail-covered altar of Cheibriados.
  4557 | D:5      | Found a shimmering altar of Xom.
  4562 | D:5      | Found a glowing golden altar of the Shining One.
  4642 | D:5      | Became a worshipper of the Shining One
  4831 | D:5      | Noticed DwarfAlpaca's ghost (novice TeAE)
  4860 | D:5      | HP: 1/58 [DwarfAlpaca's ghost/the air (7)]
  4861 | D:5      | Killed from afar by DwarfAlpaca's ghost

Skill      XL: |  1  2  3  4  5  6  7  8 |
---------------+-------------------------+-----
Axes           | 3 4 5 6 8 9 |  9.2
Armour         | 4 5 |  5.3
Fighting       | |  3.2
Shields        | |  3.6

Action                   |  1- 3 |  4- 6 |  7- 9 || total
-------------------------+-------+-------+-------++-------
Melee: War axe           |    64 |   220 |    17 ||   301
       Battleaxe         |       |       |   173 ||   173
 Abil: Dig               |       |     1 |       ||     1
  Use: Potion            |       |       |     3 ||     3
  Eat: Chunk             |     1 |     7 |     5 ||    13
Armor: Scale mail        |    11 |       |       ||    11
       Chain mail        |    33 |    98 |    93 ||   224
Dodge: Dodged            |    19 |    61 |    27 ||   107
Block: Shield            |    26 |   121 |    76 ||   223
